 Dungeon Crawl Stone Soup version 0.27.1-33-g824d729ab1 (webtiles) character file.

Game seed: 7650702665743069447

1595 pkoi the Ruffian (level 8, -6/59 HPs)
             Began as a Purple Draconian Artificer on Dec 8, 2021.
             Mangled by Maggie (9 damage)
             ... on level 7 of the Dungeon.
             The game lasted 00:11:22 (8900 turns).

pkoi the Ruffian (Purple Draconian Artificer)       Turns: 8900, Time: 00:11:23

Health: -6/59      AC: 10    Str: 14    XL:     8   Next: 62%
Magic:  0/20       EV: 12    Int: 13    God:
Gold:   329        SH:  0    Dex: 13    Spells: 9/11 levels left

rFire    . . .     SeeInvis .   i - +3 short sword (venom)
rCold    . . .     Faith    .   (no shield)
rNeg     . . .     Spirit   +   (armour unavailable)
rPois    .         Reflect  .   y - +1 hat
rElec    .         Harm     .   s - +0 cloak
rCorr    .         Rampage  .   h - +1 pair of gloves
Will     +....                  (no boots)
Stlth    ++........             n - amulet of guardian spirit
HPRegen  0.19/turn              m - ring of magical power
MPRegen  0.17/turn              (no ring)

@: short of breath
A: breathe power, AC +6, unfitting armour, cold-blooded
a: Breathe Dispelling Energy


You were on level 7 of the Dungeon.
You visited 1 branch of the dungeon, and saw 7 of its levels.

You collected 329 gold pieces.

Inventory:

Hand Weapons
 a - a +0 club
 g - a +0 whip of protection
 i - a +3 short sword of venom (weapon)
Missiles
 e - 2 throwing nets
 r - 8 atropa-tipped darts
Armour
 h - a +1 pair of gloves (worn)
 s - a +0 cloak (worn)
 y - a +1 hat (worn)
Jewellery
 j - a ring of wizardry
 m - a ring of magical power (left hand)
 n - an amulet of guardian spirit (around neck)
Wands
 b - a wand of flame (33) (quivered)
 c - a wand of charming (11)
 l - a wand of polymorph (6)
 u - a wand of iceblast (11)
 v - a wand of digging (4)
Scrolls
 k - a scroll of enchant weapon
 o - a scroll of magic mapping
 p - a scroll of fog
 x - a scroll of amnesia
Potions
 f - a potion of degeneration
 q - 2 potions of berserk rage
 t - a potion of curing
 w - a potion of might
 z - a potion of resistance
Miscellaneous
 d - a piece from Xom's chessboard (15/15)


   Skills:
 - Level 1.1 Fighting
 - Level 2.1 Dodging
 - Level 0.8 Stealth
 * Level 7.8 Unarmed Combat
 - Level 2.0 Spellcasting
 + Level 3.2 Transmutations
 + Level 3.2 Earth Magic
 + Level 6.5 Evocations


You had 9 spell levels left.
You knew the following spells:

 Your Spells              Type           Power      Damage    Failure   Level
a - Passwall              Tmut/Erth      7%         N/A       11%         2

Your spell library contained the following spells:

 Spells                   Type           Power      Damage    Failure   Level
 Sandblast                Erth           18%        2d7       7%          1
 Wereblood                Tmut           9%         N/A       11%         2
 Slow                     Hex            1%         N/A       36%         2
 Static Discharge         Conj/Air       1%         N/A       36%         2
 Sublimation of Blood     Necr           0%         N/A       36%         2
 Confusing Touch          Hex            1%         N/A       58%         3
 Lee's Rapid Deconstruct  Erth           4%         3d6*      88%         5
 Olgreb's Toxic Radiance  Pois           1%         N/A       94%         4
 Yara's Violent Unravell  Hex/Tmut       2%         3d3       98%         5
 Lightning Bolt           Conj/Air       0%         1d11      100%        5
 Ozocubu's Refrigeration  Ice            0%         4d5       100%        7
 Summon Hydra             Summ           0%         N/A       100%        7
 Ignition                 Fire           0%         3d3       100%        8
 Maxwell's Capacitive Co  Air            0%         ∞         100%        8


Dungeon Overview and Level Annotations

Branches:
Dungeon (7/15)
 Temple: D:4-7

Altars:
Cheibriados

Annotations:
D:7 Maggie


Innate Abilities, Weirdness & Mutations

You can breathe bolts of dispelling energy.
Your rich purple scales are hard. (AC +6)
You cannot fit into any form of body armour.
You are cold-blooded and may be slowed by cold attacks.


Message History

You hit Maggie.
Maggie looks even sicker.
Your punch misses Maggie.
Maggie is lightly wounded.
Maggie hits you with a +2 broad axe of electrocution!
You hit Maggie but do no damage.
Maggie looks as sick as possible!
Maggie is moderately wounded.
Maggie gestures wildly while chanting.
Maggie draws you further into her thrall.
You hit Maggie.
Maggie looks as sick as possible!
Your tail-slap misses Maggie.
Maggie is moderately wounded.
Maggie casts a spell at you. The bolt of fire hits you!
* * * LOW HITPOINT WARNING * * *
You hit Maggie.
Maggie is heavily wounded.
Maggie points at you and mumbles some strange words.
The bolt of fire hits you.
* * * LOW HITPOINT WARNING * * *
You closely miss Maggie.
Maggie is heavily wounded.
Maggie hits you with a +2 broad axe of electrocution.
* * * LOW HITPOINT WARNING * * *
Unknown command.
You barely miss Maggie.
Your tail-slap misses Maggie.
Maggie is heavily wounded.
Maggie points at you and mumbles some strange words.
The bolt of fire hits you!
* * * LOW HITPOINT WARNING * * *
You puncture Maggie!
Maggie looks as sick as possible!
You tail-slap Maggie, but do no damage.
Maggie is severely wounded.
Maggie casts a spell at you. The bolt of fire hits you!
* * * LOW HITPOINT WARNING * * *
Unknown command.
It was a potion of cancellation.
Your magical effects are unravelling.
You feel magically purged.
You break out of your daze.
Maggie hits you with a +2 broad axe of electrocution!
You die...

#......#
#......#
#......#
#......#
#......#
#......#
...#......##
#....@@...#
##.####...#
###.####...#
........#...#
........#...#
........##.##
#......##.#
#......##'###
#......#....####


You could see Maggie (extremely poisoned).

Vanquished Creatures
  Sigmund (D:2)
  An orc warrior (D:5)
  An ogre (D:4)
  A centaur (D:7)
  2 scorpions (D:5)
  A wyvern zombie (D:6)
  A water moccasin skeleton (D:6)
  2 howler monkeys (D:6)
  A centaur zombie (D:5)
  A hound (D:4)
  2 jellies (D:5)
  Crazy Yiuf (D:2)
  2 gnoll shamans
  3 centaur skeletons (D:6)
  2 orc priests
  3 iguanas
  Natasha (twice) (D:3)
  4 orc wizards
  A hound skeleton (D:4)
  A howler monkey zombie (D:5)
  15 gnolls
  4 adders
  A shadow imp (D:6)
  2 ufetubi (D:6)
  An adder skeleton (D:4)
  A worm (D:3)
  2 dart slugs
  14 orcs
  4 endoplasms
  3 giant cockroaches
  7 goblins
  8 hobgoblins
  2 jackals (D:2)
  2 quokkas (D:1)
  A ball python (D:1)
  3 bats (D:3)
  2 frilled lizards
  3 kobolds
  2 rats
110 creatures vanquished.

Vanquished Creatures (collateral kills)
  2 gnolls (D:2)
  2 dart slugs (D:1)
4 creatures vanquished.

Vanquished Creatures (others)
  Natasha (D:3)
1 creature vanquished.

Grand Total: 115 creatures vanquished

Notes
Turn   | Place    | Note
-------+----------+-------------------------------------------
     0 | D:1      | pkoi the Draconian Artificer began the quest for the Orb.
     0 | D:1      | Reached XP level 1. HP: 16/16 MP: 1/1
   239 | D:1      | Reached skill level 1 in Unarmed Combat
   701 | D:1      | Found a faded altar of an unknown god.
   774 | D:1      | Reached XP level 2. HP: 20/23 MP: 2/2
  1061 | D:1      | Reached skill level 2 in Unarmed Combat
  1289 | D:2      | Noticed Sigmund
  1773 | D:1      | Reached XP level 3. HP: 19/28 MP: 3/3
  2027 | D:2      | Reached skill level 3 in Unarmed Combat
  2218 | D:2      | Reached XP level 4. HP: 25/35 MP: 4/4
  2539 | D:2      | Found a runed translucent door.
  2540 | D:2      | Noticed Crazy Yiuf
  2823 | D:3      | Noticed Natasha
  2833 | D:3      | Killed Natasha
  2932 | D:3      | Noticed Natasha
  2940 | D:3      | Killed Natasha
  3100 | D:3      | Noticed Natasha
  3112 | D:3      | Killed Natasha
  3113 | D:3      | Reached skill level 4 in Unarmed Combat
  3890 | D:3      | Reached XP level 5. HP: 40/40 MP: 5/5
  4980 | D:4      | Noticed an ogre
  5000 | D:4      | Killed an ogre
  5001 | D:4      | Reached skill level 5 in Unarmed Combat
  5001 | D:4      | Reached XP level 6. HP: 47/47 MP: 6/6
  5631 | D:4      | Learned a level 2 spell: Passwall
  5776 | D:4      | Reached skill level 6 in Unarmed Combat
  6258 | D:2      | Killed Sigmund
  6259 | D:2      | Reached skill level 5 in Evocations
  6259 | D:2      | Your scales start taking on a rich purple colour.
  6259 | D:2      | Reached skill level 1 in Spellcasting
  6259 | D:2      | Reached XP level 7. HP: 47/52 MP: 8/8
  6414 | D:2      | Killed Crazy Yiuf
  6415 | D:2      | Reached skill level 1 in Transmutations
  6415 | D:2      | Reached skill level 1 in Earth Magic
  6649 | D:5      | Entered Level 5 of the Dungeon
  6974 | D:5      | Found a snail-covered altar of Cheibriados.
  7406 | D:5      | Reached XP level 8. HP: 19/59 MP: 8/11
  7663 | D:5      | Reached skill level 7 in Unarmed Combat
  8884 | D:7      | Noticed Maggie
  8899 | D:7      | HP: 2/59 [Maggie/bolt of fire (10)]
  8900 | D:7      | Mangled by Maggie

Illustrated notes

Levels and vault maps discovered:
D:1:      shiori_arrival_oz, layout_basic, dreamdust_ecumenical_altar_statues,
          due_unseen_surprise
D:2:      layout_basic, roderic_lattice_a, grunt_decor_one_mirror,
          grunt_decor_cap, uniq_sigmund, uniq_crazy_yiuf_cottage
D:3:      layout_rooms, serial_glass, glass_columns_b, glass_columns_a,
          uniq_natasha
D:4:      layout_cave_pools, serial_column_ruins,
          column_ruins_corridor_straight, column_ruins_grid_3,
          column_ruins_grid_1, column_ruins_grid_1,
          column_ruins_columns_straight
D:5:      layout_basic, mainiacjoe_overflow_tiny_flanked
D:6:      layout_rooms, nicolae_ossuary_entry_ruins, minmay_misc_feat_enclosed
D:7:      layout_basic, mainiacjoe_overflow_six_doors_small,
          minmay_temple_entry_butterflies, uniq_pikel, uniq_maggie,
          uniq_menkaure, uniq_joseph

Skill      XL: |  1  2  3  4  5  6  7  8 |
---------------+-------------------------+-----
Unarmed Combat | 1 2 3 4 5 6 7 |  7.8
Evocations     | 4 5 6 |  6.5
Spellcasting   | 1 2 |  2.0
Transmutations | 2 3 |  3.2
Earth Magic    | 2 3 |  3.2
Fighting       | |  1.1
Dodging        | |  2.1
Stealth        | |  0.8

Action                   |  1- 3 |  4- 6 |  7- 9 || total
-------------------------+-------+-------+-------++-------
Melee: Club              |    38 |       |       ||    38
       Unarmed           |    16 |       |     7 ||    23
       Tailslap          |    10 |    18 |    29 ||    57
       Punch             |     2 |     4 |     5 ||    11
       Whip              |    57 |    51 |       ||   108
       Short sword       |       |   126 |   204 ||   330
 Abil: Breathe Dispellin |       |       |     3 ||     3
Evoke: Wand              |     6 |     7 |       ||    13
  Use: Potion            |       |     4 |     1 ||     5
       Scroll            |       |     4 |     9 ||    13
 Stab: Sleeping          |     2 |       |       ||     2
       Betrayed ally     |       |     1 |       ||     1
Armor: Skin              |    39 |    62 |   104 ||   205
Dodge: Dodged            |    86 |   129 |   148 ||   363
